 Dungeon Crawl Stone Soup version 0.20.1-1-g8b1a95d (console) character file.

21117 rafel the Slicer (level 13, -6/74 HPs)
             Began as a Halfling Skald on Sept 8, 2017.
             Was the Champion of Okawaru.
             Mangled by a six-headed hydra (7 damage)
             ... on level 15 of the Dungeon.
             The game lasted 01:14:46 (11473 turns).

rafel the Slicer (Halfling Skald)                  Turns: 11473, Time: 01:14:47

Health: -6/74      AC: 10    Str: 12    XL:     13   Next: 17%
Magic:  3/19       EV: 16    Int: 15    God:    Okawaru [******]
Gold:   674        SH:  0    Dex: 15    Spells: 9/20 levels left

rFire    . . .     SeeInvis +   a - +3 rapier (venom)
rCold    + . .     Gourm    .   (shield restricted)
rNeg     . . .     Faith    .   K - +2 robe {Archmagi}
rPois    .         Spirit   .   O - +0 helmet {SInv}
rElec    .         Reflect  .   s - +2 cloak
rCorr    .         Harm     .   M - +0 pair of gloves
MR       .....                  (no boots)
Stlth    ++++......             R - amulet of magic regeneration
Regen    0.3/turn               P - ring of see invisible
MPRegen  0.3/turn               y - ring of protection from cold

@: no status effects
A: mutation resistance 1
a: Heroism, Finesse, Renounce Religion


You were on level 15 of the Dungeon.
You worshipped Okawaru.
Okawaru was exalted by your worship.
You were not hungry.

You visited 2 branches of the dungeon, and saw 16 of its levels.

You collected 674 gold pieces.

Inventory:

Hand Weapons
 a - a +3 rapier of venom (weapon)
 b - a +0 blowgun
Missiles
 e - 188 sling bullets
 l - 2 throwing nets
 r - 61 poisoned needles
 G - 4 tomahawks of returning
 J - 2 tomahawks (quivered)
Armour
 c - the +5 shadow dragon scales of Eternal Vigilance {rElec Dex+4 Stlth++++}
   (You found it on level 13 of the Dungeon)

   It affects your dexterity (+4).
   It insulates you from electricity.
   It makes you much more stealthy.
 s - a +2 cloak (worn)
 K - a +2 robe of the Archmagi (worn)
 M - a +0 pair of gloves (worn)
 O - a +0 helmet of see invisible (worn)
 Q - a +0 troll leather armour
Magical Staves
 w - an uncursed staff of energy
Jewellery
 m - an uncursed ring of poison resistance
 x - an uncursed ring of flight
 y - a ring of protection from cold (right hand)
 E - an uncursed ring of protection from cold
 P - a ring of see invisible (left hand)
 R - an amulet of magic regeneration (around neck)
 V - an uncursed amulet of faith {unknown}
Wands
 g - a wand of flame (11/48)
 j - a wand of disintegration (0/24)
 T - a wand of digging (10/24)
 X - a wand of lightning (11/15)
Scrolls
 f - 2 scrolls of amnesia
 q - 2 scrolls of recharging
 B - 2 scrolls of immolation
 C - 2 scrolls of enchant weapon
 D - 3 scrolls of magic mapping
 I - 4 scrolls of identify
 L - 2 scrolls of remove curse
Potions
 k - a potion of flight
 n - a potion of magic
 o - 2 potions of curing
 t - 2 potions of resistance
 z - 3 potions of brilliance
 A - a potion of haste
 F - 2 potions of invisibility
 S - a potion of mutation
 W - a potion of might
Books
 p - a book of Frost

   Spells                             Type                      Level
   a - Freeze                         Ice                          1
   b - Throw Frost                    Conjuration/Ice              2
   c - Ozocubu's Armour               Charms/Ice                   3
   d - Throw Icicle                   Conjuration/Ice              4
   e - Summon Ice Beast               Ice/Summoning                4
Miscellaneous
 N - a fan of gales
Comestibles
 d - 11 bread rations
 h - 5 fruits
 u - 8 meat rations
 v - 2 royal jellies
 H - 3 chunks of flesh


   Skills:
 - Level 1.7 Fighting
 + Level 11.2 Short Blades
 + Level 5.4 Throwing
 * Level 5.0 Armour
 + Level 3.8 Dodging
 - Level 10.0 Stealth
 + Level 4.2 Spellcasting
 + Level 8.6 Hexes
 - Level 5.0 Charms
 + Level 5.6 Necromancy
 + Level 6.2 Evocations


You had 9 spell levels left.
You knew the following spells:

 Your Spells              Type           Power        Failure   Level  Hunger
a - Infusion              Chrm           ####         2%          1    None
b - Confuse               Hex            #####...     1%          3    ###....
x - Shroud of Golubria    Chrm/Tloc      ###.......   10%         2    ##.....
z - Regeneration          Chrm/Necr      ####......   6%          3    ###....
X - Song of Slaying       Chrm           ####....     3%          2    ##.....


Dungeon Overview and Level Annotations

Branches:
Dungeon (14/15)            Temple (1/1) D:5            Lair (0/6) D:9
    Orc (0/2) D:9          Vaults (0/5) D:13

Altars:
Ashenzari
Cheibriados
Dithmenos
Elyvilon
Fedhas
Gozag
Hepliaklqana
Kikubaaqudgha
Makhleb
Nemelex Xobeh
Okawaru
Qazlal
Ru
Sif Muna
Trog
Uskayaw
Vehumet
Xom
Yredelemnul
Zin
The Shining One

Shops:
D:4 :   D:11 (   D:13 (


Innate Abilities, Weirdness & Mutations

You are small and have problems with some larger weapons.
You are somewhat resistant to further mutation.


Message History

Confirm with . or Enter, or press ? or * to list all spells.
Aiming: Confuse
Press: ? - help, Shift-Dir - straight line, f/p - centaur warrior skeleton
Aim: a centaur warrior skeleton (lightly damaged, confused, chance to defeat MR: 74%)
You feel a surge of power!
The six-headed hydra easily resists.
The six-headed hydra misses you. The six-headed hydra bites you!
The six-headed hydra closely misses you.
The six-headed hydra barely misses you. The six-headed hydra misses you.
The six-headed hydra bites you!
* * * LOW HITPOINT WARNING * * *
Casting: Confuse
Confirm with . or Enter, or press ? or * to list all spells.
Aiming: Confuse
Press: ? - help, Shift-Dir - straight line, f/p - centaur warrior skeleton
Aim: a centaur warrior skeleton (lightly damaged, confused, chance to defeat MR: 74%)
You feel a surge of power!
The six-headed hydra easily resists.
The six-headed hydra bites you!
* * * LOW HITPOINT WARNING * * *
The six-headed hydra misses you. x2; The six-headed hydra bites you!
You die...

#.....#........#..#......#.
#....(#........#..#......#.
#.....#........#..##+#####.
#.....#........#.......[...
#.....#........#...########
#.((.(#........#...# #
#.....#........#...# #
#.....##########...# #
#......Z.D@........+ +
#..................# #
#.......#######....#
#.......# #....# ####....#
#....##### #....#
#......... #....#
#......... #.....
<......#### ###...
.........#


You could see a six-headed hydra and a centaur warrior skeleton (confused).

Vanquished Creatures
  2 vault guards (D:13)
  A centaur warrior (D:11)
  2 two-headed ogres
  A tengu warrior (D:15)
  Pikel (D:8)
  2 deep elf magi
  An ugly thing (D:11)
  The ghost of Swomperka the Thaumaturge, a novice SpNe of Kikubaaqudgha (D:9)
  3 cyclopes
  2 manticores
  3 gargoyles
  A freezing wraith (D:15)
  2 kobold demonologists (D:12)
  2 hornets (D:10)
  4 trolls
  5 hippogriffs
  A wraith (D:12)
  3 wyverns
  18 yaks
  A human (D:10)
  A steam dragon (D:13)
  4 hogs (D:10)
  3 porcupines (D:9)
  A sky beast (D:10)
  3 orc warriors (D:9)
  6 phantoms
  An eye of draining (D:11)
  3 ice beasts
  3 ogres
  A black bear (D:9)
  5 centaurs
  An eye of draining (shapeshifter) (D:9)
  3 big kobolds
  A crocodile (D:11)
  13 bullfrogs
  4 scorpions
  7 wights
  3 howler monkeys
  7 crimson imps
  2 bullfrog zombies
  A centaur zombie (D:8)
  7 hounds
  2 centaur skeletons
  4 orc priests
  5 bullfrog skeletons
  2 jellies
  4 orc wizards
  Terence (D:2)
  4 iguanas
  4 worker ants
  2 hound skeletons
  A worker ant zombie (D:10)
  4 gnolls (D:4)
  12 adders
  4 shadow imps
  An ooze (D:4)
  A worm (D:5)
  3 dart slugs
  5 leopard geckos
  34 orcs
  2 giant cockroaches
  11 goblins
  4 hobgoblins
  13 jackals
  6 quokkas
  5 bats
  4 frilled lizards
  21 kobolds
  4 quokka skeletons
  7 rats
306 creatures vanquished.

Vanquished Creatures (others)
  A hound (D:8)
  An orc (D:8)
  3 fungi (D:9)
  A plant (D:9)
6 creatures vanquished.

Grand Total: 312 creatures vanquished

Notes
Turn   | Place    | Note
-------+----------+-------------------------------------------
     0 | D:1      | rafel the Halfling Skald began the quest for the Orb.
     0 | D:1      | Reached XP level 1. HP: 14/14 MP: 3/3
   301 | D:1      | Reached XP level 2. HP: 19/19 MP: 0/4
   340 | D:1      | Reached skill level 3 in Short Blades
   418 | D:1      | Learned a level 2 spell: Song of Slaying
   451 | D:1      | Reached XP level 3. HP: 22/24 MP: 0/5
   744 | D:2      | Reached XP level 4. HP: 17/29 MP: 1/6
   762 | D:2      | Noticed Terence
   771 | D:2      | Killed Terence
   771 | D:2      | Reached skill level 4 in Short Blades
   809 | D:2      | Learned a level 2 spell: Shroud of Golubria
  1243 | D:3      | Reached XP level 5. HP: 22/34 MP: 2/7
  1348 | D:3      | Found a glowing golden altar of the Shining One.
  1615 | D:3      | Reached skill level 5 in Charms
  1808 | D:4      | Found Eckanotz's Book Shoppe.
  1885 | D:4      | Reached skill level 5 in Short Blades
  1885 | D:4      | Reached skill level 1 in Stealth
  1885 | D:4      | Reached XP level 6. HP: 20/39 MP: 1/8
  2011 | D:4      | Learned a level 3 spell: Regeneration
  2231 | D:4      | Noticed a phantom
  2274 | D:4      | Killed a phantom
  2274 | D:4      | Reached XP level 7. HP: 17/44 MP: 0/9
  2450 | D:5      | Entered Level 5 of the Dungeon
  2586 | D:5      | Found a shadowy altar of Dithmenos.
  2604 | D:5      | Reached skill level 5 in Stealth
  2685 | D:5      | Found a hide-covered altar of Uskayaw.
  2686 | D:5      | Found a snail-covered altar of Cheibriados.
  2716 | D:5      | Found a shimmering altar of Xom.
  2718 | D:5      | Found a sparkling altar of Nemelex Xobeh.
  2718 | D:5      | Found a shattered altar of Ashenzari.
  2720 | D:5      | Reached skill level 6 in Short Blades
  2721 | D:5      | Found a blossoming altar of Fedhas.
  2721 | D:5      | Found a blossoming altar of Fedhas.
  2721 | D:5      | Found a blossoming altar of Fedhas.
  3021 | D:5      | Found a staircase to the Ecumenical Temple.
  3030 | Temple   | Entered the Ecumenical Temple
  3059 | Temple   | Became a worshipper of Warmaster Okawaru
  3123 | D:5      | Found a radiant altar of Vehumet.
  3251 | D:5      | Learned a level 3 spell: Confuse
  3285 | D:5      | Found a shattered altar of Ashenzari.
  3412 | D:6      | Reached skill level 1 in Hexes
  3412 | D:6      | Reached XP level 8. HP: 46/49 MP: 7/11
  3455 | D:6      | Found a white marble altar of Elyvilon.
  3838 | D:6      | Reached skill level 7 in Short Blades
  3855 | D:6      | Got an ichor-stained leather armour
  3866 | D:6      | Identified the +1 leather armour "Otuocrau" {rF- rC+ Slay+2} (You found it on level 6 of the Dungeon)
  3884 | D:6      | Found a sacrificial altar of Ru.
  3916 | D:6      | Reached * piety under Okawaru
  4203 | D:7      | Reached XP level 9. HP: 36/54 MP: 4/12
  4320 | D:7      | Found a bloodstained altar of Trog.
  4424 | D:7      | Found a basalt altar of Yredelemnul.
  5150 | D:8      | Got a sheer robe
  5182 | D:8      | Noticed Pikel
  5182 | D:8      | Reached skill level 1 in Necromancy
  5386 | D:8      | Killed Pikel
  5386 | D:8      | Reached ** piety under Okawaru
  5386 | D:8      | Reached skill level 8 in Short Blades
  5386 | D:8      | Reached skill level 5 in Hexes
  5386 | D:8      | Reached skill level 1 in Evocations
  5807 | D:9      | Identified the cursed +1 robe of Cloud Cover {rElec} (You found it on level 8 of the Dungeon)
  5980 | D:9      | Reached XP level 10. HP: 60/60 MP: 10/13
  6132 | D:9      | Reached *** piety under Okawaru
  6149 | D:9      | Found a staircase to the Lair.
  6175 | D:9      | Noticed Swomperka's ghost (novice SpNe)
  6212 | D:9      | Killed Swomperka's ghost
  6212 | D:9      | Reached skill level 9 in Short Blades
  6240 | D:9      | Found a staircase to the Orcish Mines.
  6611 | D:9      | Noticed a manticore
  6630 | D:9      | Killed a manticore
  6630 | D:9      | Reached **** piety under Okawaru
  6864 | D:10     | Entered Level 10 of the Dungeon
  7019 | D:10     | Noticed a gargoyle
  7027 | D:10     | Killed a gargoyle
  7027 | D:10     | Reached ***** piety under Okawaru
  7285 | D:10     | Reached XP level 11. HP: 56/64 MP: 0/14
  7730 | D:10     | Received a gift from Okawaru
  7935 | D:10     | Reached skill level 10 in Short Blades
  8210 | D:11     | Found Dinlafay's Antique Weapon Emporium.
  8461 | D:11     | Noticed a cyclops
  8524 | D:11     | Killed a cyclops
  8524 | D:11     | Reached skill level 1 in Throwing
  8529 | D:11     | Noticed a centaur warrior
  8531 | D:11     | Noticed a two-headed ogre
  8536 | D:11     | Killed a centaur warrior
  8539 | D:11     | Killed a two-headed ogre
  8539 | D:11     | Received a gift from Okawaru
  8539 | D:11     | Reached skill level 5 in Evocations
  8641 | D:11     | You fall through a shaft!
  8803 | D:12     | Noticed a manticore
  8807 | D:12     | Killed a manticore
  8994 | D:12     | Reached XP level 12. HP: 70/70 MP: 6/16
  9600 | D:12     | Reached skill level 10 in Stealth
  9804 | D:11     | Noticed a two-headed ogre
  9919 | D:11     | Reached skill level 5 in Necromancy
 10080 | D:11     | Received a gift from Okawaru
 10137 | D:11     | Reached ****** piety under Okawaru
 10444 | D:13     | Got polished shadow dragon scales
 10455 | D:13     | Identified the +5 shadow dragon scales of Eternal Vigilance {rElec Dex+4 Stlth++++} (You found it on level 13 of the Dungeon)
 10640 | D:13     | Reached skill level 11 in Short Blades
 10723 | D:13     | Noticed a two-headed ogre
 10742 | D:13     | Killed a two-headed ogre
 10773 | D:13     | Found Gyrphew's Weapon Shoppe.
 10946 | D:13     | Found a gate to the Vaults.
 10946 | D:13     | Noticed a vault guard
 10946 | D:13     | Noticed a vault guard
 10946 | D:13     | Noticed a vault guard
 10981 | D:13     | Reached skill level 5 in Throwing
 11059 | D:13     | Killed a vault guard
 11059 | D:13     | Reached XP level 13. HP: 63/74 MP: 15/19
 11128 | D:13     | Killed a vault guard
 11153 | D:14     | Noticed a catoblepas
 11197 | D:14     | HP: 1/74 [skeletal warrior/trident[a skeletal warrior] (20)]
 11205 | D:14     | You fall through a shaft!
 11205 | D:15     | Entered Level 15 of the Dungeon
 11312 | D:15     | Noticed a six-headed hydra
 11402 | D:15     | Reached skill level 5 in Armour
 11473 | D:15     | HP: 1/74 [six-headed hydra (9)]
 11473 | D:15     | Mangled by a six-headed hydra

Skill      XL: |  1  2  3  4  5  6  7  8  9 10 11 12 13 |
---------------+----------------------------------------+-----
Short Blades   | 3 4 5 6 7 8 9 10 11 | 11.2
Charms         | 4 5 |  5.0
Stealth        | 1 4 5 6 7 8 9 10 | 10.0
Spellcasting   | 2 3 4 |  4.2
Hexes          | 1 3 5 7 8 |  8.6
Necromancy     | 2 3 4 5 |  5.6
Evocations     | 1 3 5 6 |  6.2
Throwing       | 2 5 |  5.4
Armour         | 4 5 |  5.0
Dodging        | 3 |  3.8
Fighting       | |  1.7

Action                   |  1- 3 |  4- 6 |  7- 9 | 10-12 | 13-15 || total
-------------------------+-------+-------+-------+-------+-------++-------
Melee: Short sword       |    31 |       |       |    97 |       ||   128
       Dagger            |    48 |   176 |       |       |       ||   224
       Rapier            |       |    56 |   361 |   481 |    44 ||   942
       Staff             |       |       |    25 |       |     9 ||    34
Throw: Tomahawk          |       |       |     9 |       |       ||     9
       Throwing net      |       |       |     1 |       |       ||     1
 Cast: Infusion          |    14 |    26 |    33 |    21 |     2 ||    96
       Shroud of Golubri |       |     3 |    13 |       |       ||    16
       Regeneration      |       |       |    12 |    22 |     6 ||    40
       Confuse           |       |       |    33 |   162 |    19 ||   214
Evoke: Staff of energy   |       |       |    43 |   115 |    14 ||   172
       Wand              |       |       |     5 |     7 |     4 ||    16
       Fan of gales      |       |       |       |     1 |       ||     1
  Use: Scroll            |     4 |     8 |     7 |     9 |     1 ||    29
       Potion            |     2 |     1 |     1 |     2 |     3 ||     9
 Stab: Sleeping          |     1 |     3 |     7 |    24 |     2 ||    37
       Distracted        |     1 |       |     1 |       |       ||     2
       Confused          |       |       |    12 |    72 |    13 ||    97
  Eat: Chunk             |       |     6 |    15 |    35 |     4 ||    60
       Royal jelly       |       |       |     2 |     3 |       ||     5
       Fruit             |       |       |     2 |     1 |     1 ||     4
Armor: Leather armour    |    14 |    37 |    68 |       |       ||   119
       Robe              |       |       |    12 |    55 |    11 ||    78
       Troll leather arm |       |       |       |    51 |       ||    51
Dodge: Dodged            |    48 |   122 |   229 |   286 |    52 ||   737
